 Dungeon Sprint DCSS version 0.30-a0-964-gd452b5e7fa (webtiles) character file.

Game seed: 5027128255445349681

10 sircluck the Magician (level 2, -12/21 HPs)
             Began as a Djinni Fire Elementalist on Mar 30, 2023.
             Killed from afar by an oklob sapling (29 damage)
             ... with a splash of acid
             ... in the Dungeon (Sprint IV: "Fedhas' Mad Dash").
             The game lasted 00:00:39 (138 turns).

sircluck the Magician (Djinni Fire Elementalist)     Turns: 138, Time: 00:00:41

Health: -12/21     AC:  2    Str:  7    XL:     2   Next: 30%
Gold:   12         EV: 12    Int: 16    God:
                   SH:  0    Dex: 13

rFire   + + .      SeeInvis .    (no weapon)
rCold   x . .      Faith    .    (no shield)
rNeg    . . .      Spirit   .    a - +0 robe
rPois   ∞          Reflect  .    (no helmet)
rElec   .          Rampage  .    (no cloak)
rCorr   .          NoTele   +    (no gloves)
Will    .....                    (boots unavailable)
Stlth   ++                       (no amulet)
HPRegen 0.23/turn                (no ring)
MPRegen 0.00/turn                (no ring)

@: flying
A: sickness immunity, fire resistance 2, cold vulnerability 1, float, innate
caster, HP casting, extra vitality 1
a: no special abilities


You were in the Dungeon.
You visited 1 branch You collected 12 gold pieces.

Inventory:

Armour
 a - a +0 robe (worn)
Scrolls
 f - a scroll of blinking
Potions
 b - a potion of curing
 c - a potion of heal wounds
 d - a potion of haste
 e - a potion of berserk rage


   Skills:
 + Level 0.1 Fighting
 + Level 2.6 Dodging
 + Level 2.0 Stealth
 + Level 3.7 Spellcasting


You knew the following spells:

 Your Spells              Type           Power      Damage    Failure   Level
a - Foxfire               Conj/Fire      60%        2x1d4     3%          1
b - Scorch                Fire           30%        2d7       5%          2
c - Kindle Blastsparks    Fire/Tloc/Air  30%        2d12      11%         3
d - Inner Flame           Hex/Fire       15%        N/A       11%         3
e - Flame Wave            Conj/Fire      15%        2d7       36%         4
Your spell library was empty.

Dungeon Overview and Level Annotations

Branches:
Dungeon (1/1)

Altars:

Annotations:
D exclusion: oklob sapling


Innate Abilities, Weirdness & Mutations

You are immune to sickness and miasma.
You are immune to poison.
Your flesh is very heat resistant. (rF++)
You are vulnerable to cold. (rC-)
You float through the air rather than walking.
You learn spells naturally, not from books.
Your magical power is your life essence.
You have superior vitality. (+4 MHP)


Message History

You kill the river rat!
Your Stealth skill increases to level 2!
Your Spellcasting skill increases to level 3!
You have reached level 2!
You start resting.
Your foxfire dissipates! x2
You start resting.
HP restored.
There is an open door here.
You now have 12 gold pieces.
As you open the door, it creaks loudly!
An oklob sapling comes into view.
Marking area around an oklob sapling as unsafe for travelling.
Found 42 gold pieces.
Casting: Foxfire (safe; 3% risk of failure)
Confirm with . or Enter, or press ? or * to list all spells.
You conjure some foxfire!
Casting: Foxfire (safe; 3% risk of failure)
Confirm with . or Enter, or press ? or * to list all spells.
You conjure some foxfire!
The foxfire hits the oklob sapling but does no damage. x2
Casting: Foxfire (safe; 3% risk of failure)
Confirm with . or Enter, or press ? or * to list all spells.
You conjure some foxfire!
The foxfire hits the oklob sapling but does no damage.
The oklob sapling spits acid at you. The splash of acid misses you.
The splash of acid hits your foxfire!! The acid corrodes your foxfire!
Casting: Foxfire (safe; 3% risk of failure)
Confirm with . or Enter, or press ? or * to list all spells.
You conjure some foxfire!
The foxfire hits the oklob sapling but does no damage. x2
Casting: Foxfire (safe; 3% risk of failure)
Confirm with . or Enter, or press ? or * to list all spells.
You conjure some foxfire!
The foxfire hits the oklob sapling.
The oklob sapling is heavily damaged.
The oklob sapling spits acid at you. The splash of acid hits you!!
Ouch! That really hurt!
You die...

############ #####
#<...#....§#.$$$$#
#....§...v@'.#
#.†..#v§§§v#P#
############ #


You could see an oklob sapling (ally target).

Vanquished Creatures
  A river rat (D)
  A rat (D)
2 creatures vanquished.

Vanquished Creatures (others)
  25 foxfires (D)
  7 fungi (D)
32 creatures vanquished.

Grand Total: 34 creatures vanquished

Notes
Turn   | Place    | Note
-------+----------+-------------------------------------------
     0 | D        | sircluck the Djinni Fire Elementalist began the quest for
                  | the Orb.
     0 | D        | sircluck set off with the following spells memorised:
                  | Foxfire, Scorch, Kindle Blastsparks, Inner Flame, Flame
                  | Wave.
     0 | D        | Reached XP level 1. HP: 15/15 MP: 0/0
    53 | D        | Reached skill level 3 in Spellcasting
    53 | D        | Reached XP level 2. HP: 5/21 MP: 0/0
   133 | D        | Noticed an oklob sapling
   138 | D        | Killed from afar by an oklob sapling

Illustrated notes

Levels and vault maps discovered:
D:        dungeon_sprint_fedhas [sprint_temple]

Skill      XL: |  1 |
---------------+----+-----
Stealth        | 2 |  2.0
Spellcasting   | 3 |  3.7
Fighting       | |  0.1
Dodging        | |  2.6

Action                     || total
---------------------------++-------
  Melee: Unarmed           ||    27
   Cast: Foxfire           ||    15
  Dodge: Dodged            ||     4

Table legend: (Time is in decaauts)
 A = Elapsed time spent in this place.
 B = Non-inter-level travel time spent in this place.
 C = Inter-level travel time spent in this place.
 D = Time resting spent in this place.
 E = Time spent auto-exploring this place.
 F = Levels seen in this place.
 G = Mean time per level.
                   A        B        C        D        E       F      G
               +--------+--------+--------+--------+--------+-----+--------+
         Total |    138 |    138 |      0 |     70 |      0 |   1 |  138.0 |
       Dungeon |    138 |    138 |      0 |     70 |      0 |   1 |  138.0 |
               +--------+--------+--------+--------+--------+-----+--------+

Top non-repeatable levels by time:
       D: 138 daAuts
